 BcadrenCrawl: Boulder Brew version 0.06-688-g08e91b2d95 (webtiles) character file.

Game seed: 16343828051326010455

130 Leeroy the Dualist (level 4, 0/59 HPs) Immature Draconian Priest. Began on Feb 1, 2023. Was a Believer of Bahamut & Tiamat. Splashed by a bullfrog's acid (4 damage) ... on level 2 of the Dungeon. The game lasted 00:03:48 (1356 turns).

Leeroy the Dualist (Immature Draconian Priest)      Turns: 1356, Time: 00:03:49

Health: 0/59       AC:  2    Str: 18    XL:     4 ^: 10
Magic:  8/8        EV: 12    Int: 11    God:    Bahamut & Tiamat [2* [68]]
Gold:   9          SH:  0    Dex: 14    Spells: 3/3 levels left

rFire    . . .     Slash    +   h - +2 dagger (speed)
rCold    . . .     Pierce   x     - Unarmed
rNeg     . . .     Bludgeon .   (armour unavailable)
rCorr    . . .     Vision   .   (helmet restricted)
rPois    .         Gourm    .   (no cloak)
rElec    .         Faith    .   (no gloves)
MR       .....     Spirit   .   (no boots)
HPRegen  0.29/turn Reflect  .   (no amulet)
MPRegen  0.18/turn Harm     .   (no ring)
Stlth    ++........             (no ring)

@: mighty, corroded
A: deformed body 2, cold-blooded, draconic flesh, AC +6
a: Breathe Dart, Choose Bahamut's Protection, Choose Tiamat's Retribution,
Adaptive Breath, Renounce Religion


You were on level 2 of the Dungeon.
You worshipped Bahamut & Tiamat.
Bahamut & Tiamat was pleased with you.
You were hungry.

You visited 1 branch of the dungeon, and saw 2 of its levels.
You also visited: Temple.

You collected 9 gold pieces.

Inventory:

Weapons
 h - a +2 dagger of speed (weapon)
Jewellery
 c - the cursed ring "Daeskuxas" {rPois rCorr Str-3 Dex+5, (Curse: rC-)}
   (You took it off a kobold on level 1 of the Dungeon)

   [ring of resist corrosion]

   It affects your strength (-3).
   It affects your dexterity (+5).
   It protects you from poison.
   It provides partial protection from all sources of acid and corrosion.
   It has a curse placed upon it.
   { (Curse: rC-)}
 i - a cursed amulet of chaos {(Curse: rF-)}
Scrolls
 d - a scroll of holy word
 f - a scroll of blinking
 g - a scroll of silence
Comestibles
 a - 2 rations


   Skills:
 + Level 2.6 Fighting
 - Level 1.5 Dodging
 - Level 1.4 Stealth
 - Level 2.6 Unarmed Combat
 - Level 6.0 Invocations


You had 3 spell levels left.
You didn't know any spells.
Your spell library was empty.

Dungeon Overview and Level Annotations

Branches:
Dungeon (2/8)

Altars:


Innate Abilities, Weirdness & Mutations

Your plain brown scales are resilient. (AC +6)
You can breathe rudimentary magical darts.
You cannot wear any armour on your peculiar form.
You are cold-blooded and are slowed more easily by cold attacks.
Your scales resist being cut, but it's oddly easy to stick a small blade between them. (rSlashing+, rPiercing-)


Message History

You destroy the rat skeleton!
Tiamat appreciates your kill.
The ball python bites you but does no damage.
The ball python constricts you (1).
You hit the ball python but do no damage.
You hit the ball python (3).
You kill the ball python!
Bahamut & Tiamat accept your kill. The bullfrog throws its tongue at you.
The bullfrog's tongue lashes you (4).
You are wrenched violently forward by the bullfrog's tongue!
The bullfrog bites you. The bullfrog swallows you!
* * * LOW HITPOINT WARNING * * *
You hit the bullfrog (3).
It is perforated ruthlessly!
You hit the bullfrog (3).
The bullfrog is severely wounded. (7/18) HP
* * * LOW HITPOINT WARNING * * *
Your lungs strain for air!
The acid corrodes you!
You are digested (4).
You die...

###.J...J.K....#
≈#≈≈≈≈≈J.####≈.##
≈.≈≈≈≈≈≈≈# ##..≈#
...≈≈≈≈≈≈#
#..?.##
.##≈≈≈≈≈≈#
##K...#
###≈≈≈≈≈..#
##.J### #
#≈≈≈≈≈..≈# ##KK.#
###≈≈≈≈≈..##
##FJ# ≈# ≈≈≈≈≈≈#
###≈@.##
.#.≈≈≈≈≈≈
#.≈≈}.≈# ..≈≈≈≈
#≈..≈#≈.## ..#≈≈≈
#≈.###### .≈# ≈≈
#.. ..# ≈≈ ##
..#.. .≈..P ..#.P


You could see a bullfrog, a jelly, a submerged ooze and 3 kobolds.

Vanquished Creatures
  6 giant cockroaches
  A cinder newt (D:2)
  2 oozes (D:2)
  3 bats (D:1)
  6 goblins (D:1)
  4 hobgoblins (D:1)
  5 kobolds (D:1)
  2 ball pythons
  4 rats (D:1)
  A rat skeleton (D:2)
34 creatures vanquished.

Vanquished Creatures (others)
  A kobold (D:2)
  7 withered plants (D:2)
8 creatures vanquished.

Grand Total: 42 creatures vanquished

Notes
Turn   | Place    | Note
-------+----------+-------------------------------------------
     0 | Start Te | Leeroy the Immature Draconian Priest began the quest for
                  | the Orb.
     0 | Start Te | Reached XP level 1. HP: 29/29 MP: 3/3
     0 | Start Te | Found a sparkling altar of Nemelex Xobeh.
     1 | Start Te | Found a basalt altar of Yredelemnul.
     1 | Start Te | Found a white marble altar of Elyvilon.
     2 | Start Te | Found an iron altar of Okawaru.
     3 | Start Te | Found a glowing silver altar of Zin.
     3 | Start Te | Found a blossoming altar of Fedhas.
     4 | Start Te | Found a stormy altar of Qazlal.
     5 | Start Te | Found a glowing golden altar of the Shining One.
     5 | Start Te | Found an opulent altar of Gozag.
     6 | Start Te | Found a sacrificial altar of Ru.
     7 | Start Te | Found an ornate altar of Bahamut and Tiamat.
     7 | Start Te | Found a hazy altar of Hepliaklqana.
    21 | Start Te | Became a worshipper of Bahamut & Tiamat
    21 | Start Te | Reached * piety under Bahamut & Tiamat
    21 | Start Te | Reached ** piety under Bahamut & Tiamat
    79 | D:1      | Reached XP level 2. HP: 38/39 MP: 5/5
   181 | D:1      | Identified the cursed ring "Daeskuxas" {rPois rCorr Str-3
                  | Dex+5, (Curse: rC-)}
   278 | D:1      | Reached skill level 5 in Invocations
   297 | D:1      | Reached XP level 3. HP: 49/49 MP: 7/7
  1070 | D:2      | Noticed a big kobold
  1073 | D:2      | Reached skill level 6 in Invocations
  1073 | D:2      | Reached XP level 4. HP: 59/59 MP: 8/8
  1074 | D:2      | Identified the cursed amulet "Guntew" {Chaos -Tele rElec
                  | Str+4 Dex+2, (Curse: *Contam)}
  1085 | D:1      | Reached skill level 1 in Fighting
  1356 | D:2      | Splashed by a bullfrog's acid

Illustrated notes

Levels and vault maps discovered:
D:1:      wander_arrival_abandoned_jail, layout_basic
D:2:      layout_sewer, kiku_gazebo_garden_becter, serial_shops, shop

Skill      XL: |  1  2  3  4 |
---------------+-------------+-----
Invocations    | 5 6 |  6.0
Fighting       | 2 |  2.6
Dodging        | |  1.5
Stealth        | |  1.4
Unarmed Combat | |  2.6

Action                   |  1- 3 |  4- 6 || total
-------------------------+-------+-------++-------
Melee: Unarmed           |    63 |    33 ||    96
       Peck              |     8 |     9 ||    17
       Dagger            |    16 |    35 ||    51
Invok: Choose Tiamat's A |       |     1 ||     1
       Adaptive Breath   |       |     1 ||     1
  Use: Potion            |       |     1 ||     1
 Stab: Sleeping          |     3 |       ||     3
  Eat: Chunk             |       |     1 ||     1
Armor: Skin              |    15 |    22 ||    37
Dodge: Dodged            |     9 |    14 ||    23
